AoeStats
← 青山依旧在 几度夕阳红

Arena

508256763Analyzed
4v4 RM · 9d ago on Sep 21, 2026· 42m 41s· 8 players
Game mode
Random Map
Map size
Large (8 player)
Population
200
Speed
Normal
Resources
Standard
Victory
Conquest
Starting age
Dark Age
Ending age
Imperial Age
RankedLock teamsTeams togetherTeam positionsShared explorationLock speedFull tech treeHidden civsTurbo modeCheats
Victory
Defeat
🇨🇳 Muisca · China
1064
+13
🇫🇷 Lithuanians · France
1052
+14
🇺🇸 Celts · United States
1034
+14
927
+20
🇦🇷 Malay · Argentina
1072
-18
🇦🇷 Bulgarians · Argentina
992
-15
🇪🇸 Khmer · Spain
987
-15
🇲🇽 Armenians · Mexico
937
-13
El viejo7335
2:06 Loom
11:58 Feudal Age
15:59 Horse Collar
20:40 Castle Age
18:36 Man-at-Arms
19:12 Arson
19:47 Double-Bit Axe
20:01 Long Swordsman
22:08 Heavy Plow
29:37 Squires
29:24 Gambesons
31:49 Gold Mining
33:06 Scale Mail Armor
33:06 Two-Handed Swordsman
37:47 Stone Mining
40:40 Imperial Age
39:16 Gold Shaft Mining
39:00 Bow Saw
39:20 Forging
39:26 Chain Mail Armor
40:01 Wheelbarrow
39:14 Town Watch
39:44 Champion
41:44 Scale Barding Armor
43:10 Chemistry
43:26 Fortified Wall
metalkannon
9:13 Feudal Age
10:34 Wheelbarrow
10:08 Double-Bit Axe
11:14 Horse Collar
18:24 Castle Age
17:17 Stone Mining
18:50 Loom
19:34 Bow Saw
19:25 Heavy Plow
20:41 Gold Mining
21:26 Stone Shaft Mining
22:12 Gold Shaft Mining
22:28 Hand Cart
29:21 Imperial Age
28:06 Scale Barding Armor
28:11 Forging
28:17 Murder Holes
29:38 Fortified Wall
29:51 Chain Barding Armor
30:06 Iron Casting
30:16 Double Crossbow
30:56 Crop Rotation
31:47 Chemistry
32:27 Ballistics
32:45 Plate Barding Armor
32:22 Town Watch
32:30 Elite Ballista Elephant
34:20 Conscription
36:36 Husbandry
36:46 Bloodlines
35:56 Light Cavalry
37:38 Devotion
37:29 Hussar
Pancito
6:43 Loom
10:11 Feudal Age
10:02 Double-Bit Axe
10:40 Horse Collar
20:05 Castle Age
20:22 Wheelbarrow
23:11 Gold Mining
26:47 Hand Cart
30:48 Town Watch
31:32 Husbandry
31:51 Heavy Plow
32:06 Bow Saw
34:33 Imperial Age
33:51 Ballistics
35:09 Elite Battle Elephant
37:32 Chemistry
39:24 Forging
39:19 Scale Barding Armor
40:12 Murder Holes
FranGinaro
5:28 Loom
10:42 Feudal Age
15:23 Castle Age
14:09 Double-Bit Axe
14:56 Horse Collar
17:19 Bow Saw
21:29 Fletching
23:39 Bodkin Arrow
26:49 Wheelbarrow
27:35 Heavy Plow
33:53 Imperial Age
32:32 Hand Cart
32:47 Gold Mining
33:21 Town Watch
34:14 Gold Shaft Mining
33:33 Stone Mining
34:02 Scale Mail Armor
34:09 Scale Barding Armor
34:15 Forging
35:04 Chain Barding Armor
38:43 Plate Barding Armor
38:43 Iron Casting
38:18 Bracer
39:13 Ballistics
39:54 Chemistry
39:05 Masonry
39:04 Padded Archer Armor
39:14 Heavy Cavalry Archer
40:19 Parthian Tactics
40:57 Leather Archer Armor
DigitalSixteen
10:44 Feudal Age
14:48 Castle Age
13:04 Double-Bit Axe
13:26 Horse Collar
16:00 Bow Saw
18:32 Loom
24:48 Wheelbarrow
24:18 Gold Mining
26:24 Heavy Plow
29:11 Hand Cart
28:42 Town Watch
31:58 Imperial Age
31:27 Stone Mining
31:46 Fletching
31:57 Scale Mail Armor
32:08 Forging
31:30 Pikeman
31:56 Gambesons
31:56 Arson
33:23 Furor Celtica
34:00 Bodkin Arrow
34:21 Chain Mail Armor
36:40 Gold Shaft Mining
37:20 Chemistry
36:27 Siege Engineers
35:52 Onager
37:54 Plate Mail Armor
39:54 Stone Shaft Mining
38:45 Capped Ram
40:36 Conscription
40:13 Stronghold
40:24 Elite Woad Raider
41:32 Siege Onager
42:59 Iron Casting
Digit
5:10 Loom
10:26 Feudal Age
14:37 Castle Age
17:35 Double-Bit Axe
20:28 Wheelbarrow
20:08 Scale Barding Armor
20:35 Forging
21:18 Bloodlines
21:10 Husbandry
24:28 Chain Barding Armor
25:31 Horse Collar
32:35 Imperial Age
30:20 Redemption
30:52 Gold Mining
33:54 Theocracy
34:25 Chemistry
34:12 Iron Casting
33:34 Cavalier
37:02 Heavy Plow
38:55 Crop Rotation
38:43 Hand Cart
39:53 Stone Mining
42:40 Paladin
COIL
10:30 Feudal Age
15:49 Castle Age
14:23 Double-Bit Axe
15:07 Horse Collar
17:09 Town Watch
17:46 Loom
21:06 Wheelbarrow
22:47 Bow Saw
24:07 Heavy Plow
24:00 Gold Mining
26:04 Gold Shaft Mining
25:57 Squires
29:26 Imperial Age
27:47 Stone Mining
27:35 Champi Runner
30:28 Elite Temple Guard
31:38 Forging
32:31 Conscription
32:14 Herbalism
34:10 Iron Casting
34:54 Scale Mail Armor
35:35 Hand Cart
36:31 Chain Mail Armor
39:12 Plate Mail Armor
40:58 Two-Man Saw
青山依旧在 几度夕阳红
11:10 Feudal Age
12:41 Loom
15:37 Castle Age
15:53 Domestication
17:56 Double-Bit Axe
24:55 Bow Saw
25:35 Wheelbarrow
25:53 Pastoralism
27:00 Forging
28:18 Hand Cart
28:12 Gold Mining
30:14 Iron Casting
29:45 Scale Barding Armor
33:15 Imperial Age
31:01 Scale Mail Armor
31:19 Gambesons
31:34 Squires
31:22 Arson
31:44 Squires
32:00 Lamellar Armor
34:27 Conscription
34:35 Elite Liao Dao
36:01 Siege Engineers
35:43 Heavy Rocket Cart
41:41 Pikeman
Connection lost

Rejoining the realm…

Still unreachable

The connection could not be restored.

Session expired

The server has moved on; the page needs a fresh start.